 Dungeon Crawl Stone Soup version 0.26-a0-710-g95a0c6c400 (webtiles) character file.

Game seed: 14149460378688962514

90023 robertstho the Cleaver (level 15, -12/117 HPs)
             Began as a Gnoll Earth Elementalist on Oct 29, 2020.
             Was an Elder of Sif Muna.
             Mangled by a +0 long sword of holy wrath (18 damage)
             ... on level 3 of the Abyss on Oct 30, 2020.
             The game lasted 01:50:07 (41394 turns).

robertstho the Cleaver (Gnoll Earth Elementalist)  Turns: 41394, Time: 01:50:08

Health: -12/117    AC: 17    Str:  6    XL:     15   Next: 99%
Magic:  13/30      EV: 20    Int: 25    God:    Sif Muna [****..]
Gold:   248        SH:  9    Dex: 15    Spells: 3/36 levels left

rFire    + + .     SeeInvis +   Q - +1 demon whip (flame)
rCold    + + +     Faith    .   S - +2 buckler {AC+3}
rNeg     + . .     Spirit   .   j - +2 robe {rN+}
rPois    +         Reflect  .   O - +0 helmet
rElec    +         Harm     .   w - +1 cloak {rCorr}
rCorr    +         Rampage  .   N - +0 pair of gloves
MR       +....                  (no boots)
Stlth    ++........             X - amulet of Charity {rC+++ MR- Regen+ Str-4 SInv}
HPRegen  0.69/turn              u - ring of protection from fire
MPRegen  0.22/turn              Y - ring of the Barracuda {rElec rPois rF+ MR+ AC+4}

@: about to teleport, glowing, studying Axes
A: distributed training, fangs 1, strong nose
a: Channel Magic, Forget Spell, Divine Exegesis, Renounce Religion


You were on level 3 of the Abyss.
You worshipped Sif Muna.
Sif Muna was greatly pleased with you.
You visited 5 branches of the dungeon, and saw 24 of its levels.
You visited the Abyss 1 time.
You also visited: Sewer, Bailey and Volcano.

You collected 1567 gold pieces.
You spent 1319 gold pieces at shops.

Inventory:

Hand Weapons
 f - a +1 dagger of venom
 s - the +3 hand axe of Spring {freeze, rElec rF+++ rC- SInv}
   (You found it on level 4 of the Dungeon)

   It has been specially enchanted to freeze those struck by it, causing extra
   injury to most foes and up to half again as much damage against particularly
   susceptible opponents.
   It can also slow down cold-blooded creatures.
   It renders you almost immune to fire.
   It makes you vulnerable to cold.
   It insulates you from electricity.
   It lets you see invisible.
 Q - a +1 demon whip of flaming (weapon)
Missiles
 b - 437 stones (quivered)
Armour
 j - a +2 robe of positive energy (worn)
 w - a +1 cloak of preservation (worn)
 L - a scarf of resistance
 N - a +0 pair of gloves (worn)
 O - a +0 helmet (worn)
 S - a +2 buckler of protection (worn)
Jewellery
 r - a +4 ring of evasion
 u - a ring of protection from fire (left hand)
 B - the ring "Ycvujyw" {rElec rN+ MR+ Slay-4 Stlth+}
   (You found it on level 7 of the Dungeon)

   [ring of stealth]

   It affects your accuracy and damage with ranged weapons and melee attacks
   (-4).
   It insulates you from electricity.
   It protects you from negative energy.
   It affects your resistance to hostile enchantments.
   It makes you more stealthy.
 C - an uncursed ring of protection from magic
 J - an uncursed ring of ice
 T - an uncursed ring of stealth
 X - the amulet of Charity (around neck) {rC+++ MR- Regen+ Str-4 SInv}
   (You found it on level 6 of the Lair of Beasts)

   [amulet of regeneration]

   It affects your strength (-4).
   It renders you almost immune to cold.
   It affects your resistance to hostile enchantments.
   It lets you see invisible.
   It increases your rate of regeneration.
 Y - the ring of the Barracuda (right hand) {rElec rPois rF+ MR+ AC+4}
   (You bought it in a shop on level 7 of the Dungeon)

   [ring of protection]

   It affects your AC (+4).
   It protects you from fire.
   It insulates you from electricity.
   It protects you from poison.
   It affects your resistance to hostile enchantments.
Wands
 v - a wand of iceblast (5)
 A - a wand of enslavement (3)
 E - a wand of disintegration (14)
 G - a wand of acid (11)
 H - a wand of digging (6)
Scrolls
 a - a scroll of magic mapping
 e - 14 scrolls of teleportation
 i - a scroll of fear
 p - 10 scrolls of remove curse
 q - a scroll of immolation
 t - 5 scrolls of enchant armour
 D - 6 scrolls of fog {unknown}
 F - 5 scrolls of amnesia {unknown}
 I - a scroll of acquirement {unknown}
 K - 3 scrolls of enchant weapon {unknown}
 W - a scroll of silence
 Z - 2 scrolls of holy word
Potions
 g - 3 potions of heal wounds
 h - 4 potions of ambrosia
 k - 8 potions of flight
 l - 3 potions of curing
 m - a potion of lignification
 n - 2 potions of brilliance
 o - 2 potions of might
 x - 2 potions of stabbing
 z - 2 potions of haste
 M - a potion of cancellation
 P - a potion of berserk rage
 R - 2 potions of resistance
 V - a potion of mutation
Books
 y - a manual of Axes
Miscellaneous
 c - a phantom mirror
 d - a box of beasts (3/3)


   Skills:
 + Level 10.4 Fighting
 + Level 10.4 Short Blades
 + Level 10.4 Long Blades
 + Level 13.5 Axes
 + Level 10.4 Maces & Flails
 + Level 10.4 Polearms
 + Level 10.4 Staves
 + Level 10.4 Slings
 + Level 10.4 Bows
 + Level 10.4 Crossbows
 + Level 10.4 Throwing
 + Level 10.4 Armour
 + Level 11.3 Dodging
 + Level 11.2 Stealth
 + Level 10.4 Shields
 + Level 10.4 Unarmed Combat
 + Level 11.4 Spellcasting
 + Level 8.8 Conjurations
 + Level 8.8 Hexes
 + Level 8.8 Summonings
 + Level 8.8 Necromancy
 + Level 8.8 Translocations
 + Level 9.1 Transmutations
 + Level 8.8 Fire Magic
 + Level 8.8 Ice Magic
 + Level 8.8 Air Magic
 + Level 10.3 Earth Magic
 + Level 8.8 Poison Magic
 + Level 11.3 Invocations
 + Level 10.4 Evocations


You had 3 spell levels left.
You knew the following spells:

 Your Spells              Type           Power        Failure   Level
a - Sandblast             Erth           ######       1%          1
b - Passwall              Tmut/Erth      ######..     1%          2
c - Stone Arrow           Conj/Erth      ######       1%          3
d - Petrify               Tmut/Erth      ######..     1%          4
e - Lee's Rapid Deconstr  Erth           ######....   1%          5
f - Blink                 Tloc           N/A          1%          2
g - Bolt of Magma         Conj/Fire/Erth ######....   2%          5
h - Fireball              Conj/Fire      ######....   3%          5
i - Iron Shot             Conj/Erth      ######....   12%         6

Your spell library contained the following spells:

 Spells                   Type           Power        Failure   Level
 Beastly Appendage        Tmut           ######       1%          1
 Corona                   Hex            ######.      1%          1
 Foxfire                  Conj/Fire      ####         1%          1
 Magic Dart               Conj           ####         1%          1
 Sting                    Tmut/Pois      ####         1%          1
 Call Imp                 Summ           ######..     1%          2
 Poisonous Vapours        Pois/Air       ######       1%          2
 Slow                     Hex            ######..     1%          2
 Wereblood                Tmut           ######..     1%          2
 Conjure Flame            Conj/Fire      ######..     1%          3
 Ignite Poison            Fire/Tmut/Pois ######..     1%          3
 Inner Flame              Hex/Fire       ######..     1%          3
 Mephitic Cloud           Conj/Pois/Air  ######..     1%          3
 Portal Projectile        Hex/Tloc       ######       1%          3
 Spider Form              Tmut/Pois      ######....   1%          3
 Cause Fear               Hex            ######....   1%          4
 Ice Form                 Ice/Tmut       ######..     1%          4
 Leda's Liquefaction      Hex/Erth       ######....   1%          4
 Olgreb's Toxic Radiance  Pois           ######..     1%          4
 Sticky Flame             Conj/Fire      ######..     1%          4
 Blade Hands              Tmut           ######....   2%          5
 Iskenderun's Battlesphe  Conj           ######..     3%          5
 Orb of Destruction       Conj           ######....   67%         7
 Spellforged Servitor     Conj/Summ      ######....   67%         7


Dungeon Overview and Level Annotations

Branches:
Dungeon (12/15)            Temple (1/1) D:7            Lair (6/6) D:11
  Swamp (3/4) Lair:2       Spider (0/4) Lair:3        Slime (0/5) Lair:5
    Orc (2/2) D:11            Elf (0/3) Orc:2         Sewer (visited)
 Bailey (visited)         Volcano (visited)

Altars:
Ashenzari
Cheibriados
Dithmenos
Elyvilon
Fedhas
Gozag
Hepliaklqana
Kikubaaqudgha
Makhleb
Nemelex Xobeh
Okawaru
Qazlal
Ru
Sif Muna
Trog
Uskayaw
Vehumet
Wu Jian
Xom
Yredelemnul
Zin
The Shining One
Beogh
Jiyva

Shops:
D:6 :   D:7 =

Annotations:
D:12 1 runed translucent door, Tinen's ghost, journeyman TrMo
Lair:1 exclusion: oklob plant
Swamp:3 Louise


Innate Abilities, Weirdness & Mutations

Your experience applies equally to all skills.
You have very sharp teeth.
Your uncanny sense of smell can sniff out nearby items.


Message History

The angel closely misses you.
You block the +0 long sword of holy wrath's attack.
The starspawn tentacle loses its grip on you.
The tentacle pulls you backwards!
The starspawn tentacle is engulfed in blazing flames.
The starspawn tentacle barely misses you.
The starspawn tentacle completely misses you.
The forest fire spreads!
You are engulfed in a forest fire.
You resist.
* * * LOW HITPOINT WARNING * * *
The +0 long sword of holy wrath hits you but does no damage.
The angel is engulfed in a forest fire.
The angel hits you with a +1 sacred scourge of holy wrath!!
* * * LOW HITPOINT WARNING * * *
You block the angel's attack.
A shadow wraith comes into view.
The tentacled starspawn is engulfed in blazing flames.
The +0 long sword of holy wrath is engulfed in blazing flames.
The +0 long sword of holy wrath hits you!!
You die...

. .♣♣♣. .♣...#
..≈≈.# ..
♣.....# .
#♣#♣Λ♣Λw§.. . ..
♣.@w(V§X... #
♣♣A(§§§§§.# +.
..♣§.≈§§§§.≈#
'∩.$...≈d.§♣§...
'.≈≈.≈§≈.§§§...#
#..≈☼≈≈≈≈§§§...#
..#≈≈≈≈≈.§§§§..#
.
.≈≈...W.☼°§....
≈≈≈.≈#..≈≈._♣.)#


You could see an angel, a green draconian, a tentacled starspawn, a shadow
wraith (invisible), 2 starspawn tentacles and 2 dancing weapons.

Vanquished Creatures
  Kirke (Lair:4)
  2 thorn hunters (Swamp:2)
  A tentacled starspawn (Abyss:3)
  An ettin (Orc:2)
  11 hydras
  A catoblepas (Lair:5)
  A shambling mangrove (Swamp:2)
  A merfolk avatar (Lair:6)
  9 alligators
  A two-headed ogre (D:9)
  A thrashing horror (Abyss:3)
  A large abomination (Abyss:3)
  A fire crab (Volcano)
  A sea snake (Lair:6)
  A spriggan druid (Swamp:2)
  Pikel (D:6)
  2 unseen horrors
  2 orc knights
  2 swamp dragons
  4 lindwurms
  A necromancer (Lair:4)
  2 wolf spiders (Lair:3)
  An ugly thing (D:11)
  6 elephants
  2 cyclopes (D:12)
  3 manticores
  A rust devil (Abyss:3)
  A black mamba (Lair:3)
  19 cane toads
  A torpor snail (Lair:3)
  5 rime drakes
  13 komodo dragons
  Maggie (D:9)
  A kobold demonologist (D:12)
  A freezing wraith (Abyss:3)
  A jumping spider (Lair:3)
  8 polar bears
  4 tyrant leeches
  10 hornets
  Grinder (Sewer)
  3 trolls
  8 bog bodies
  10 slime creatures
  15 blink frogs
  A meliai zombie (D:12)
  13 dream sheep
  Sigmund (D:6)
  A shadow (D:12)
  5 spriggans
  A wraith (D:12)
  7 wyverns
  8 fire bats (Volcano)
  2 basilisks
  60 yaks
  3 hogs (Lair:4)
  Eustachio (D:6)
  6 vampire mosquitoes
  3 insubstantial wisps (Swamp:2)
  2 wargs (Orc:1)
  7 swamp worms
  13 water moccasins
  3 hell hounds (Volcano)
  An ice beast (D:5)
  2 swamp drakes (Swamp:2)
  15 orc warriors
  A black bear (Lair:2)
  An eye of draining (D:11)
  2 sky beasts
  2 elephant zombies (Lair:4)
  5 ogres
  A necrophage (D:8)
  21 wolves
  A centaur (D:5)
  5 big kobolds
  19 bullfrogs
  2 wyvern zombies
  2 scorpions (D:6)
  6 killer bees (D:8)
  13 wights
  10 electric eels
  2 howler monkeys
  2 quasits
  8 lava snakes (Volcano)
  3 bullfrog zombies
  15 orc priests
  6 hounds
  A basilisk zombie (Lair:4)
  Crazy Yiuf (D:5)
  2 bullfrog skeletons
  Jessica (D:3)
  A centaur skeleton (D:10)
  Ijyb (D:5)
  An iguana (D:10)
  22 orc wizards
  12 worker ants
  2 big kobold zombies (Sewer)
  2 hound zombies
  A howler monkey zombie (D:7)
  A worker ant zombie (D:11)
  Robin (D:3)
  3 gnolls (D:6)
  16 adders
  A shadow imp (Sewer)
  3 white imps
  9 ufetubi
  3 oozes
  3 adder skeletons
  3 worms
  3 dart slugs
  8 leopard geckos
  94 orcs
  4 ball pythons
  10 giant cockroaches
  23 goblins
  7 hobgoblins
  9 jackals
  33 kobolds
  5 quokkas
  4 bats
  5 frilled lizards
  2 quokka skeletons
  8 rats
750 creatures vanquished.

Vanquished Creatures (collateral kills)
  A death yak (Lair:5)
1 creature vanquished.

Vanquished Creatures (others)
  An ogre (D:9)
  A human (D:10)
  An orc wizard (Orc:1)
  An adder zombie (Sewer)
  2 kobold zombies (Sewer)
  A briar patch (Swamp:2)
  65 fungi
  148 plants
  2 starspawn tentacles (Abyss:3)
222 creatures vanquished.

Grand Total: 973 creatures vanquished

Notes
Turn   | Place    | Note
-------+----------+-------------------------------------------
     0 | D:1      | robertstho the Gnoll Earth Elementalist began the quest for
                  | the Orb.
     0 | D:1      | Reached XP level 1. HP: 13/13 MP: 6/6
    92 | D:1      | Reached XP level 2. HP: 19/19 MP: 7/7
   843 | D:2      | Reached skill level 5 in Spellcasting
   843 | D:2      | Reached XP level 3. HP: 25/25 MP: 7/9
   927 | D:1      | Learned a level 2 spell: Passwall
   931 | D:1      | Learned a level 3 spell: Stone Arrow
  1169 | D:2      | Reached skill level 1 in Invocations
  1423 | D:2      | Found a blossoming altar of Fedhas.
  1423 | D:2      | Found a burning altar of Makhleb.
  1424 | D:2      | Found an ornate altar of the Wu Jian Council.
  1477 | D:2      | Reached skill level 1 in Fighting
  1477 | D:2      | Reached skill level 1 in Short Blades
  1477 | D:2      | Reached skill level 1 in Long Blades
  1477 | D:2      | Reached skill level 1 in Axes
  1477 | D:2      | Reached skill level 1 in Maces & Flails
  1477 | D:2      | Reached skill level 1 in Polearms
  1477 | D:2      | Reached skill level 1 in Staves
  1477 | D:2      | Reached skill level 1 in Slings
  1477 | D:2      | Reached skill level 1 in Bows
  1477 | D:2      | Reached skill level 1 in Crossbows
  1477 | D:2      | Reached skill level 1 in Throwing
  1477 | D:2      | Reached skill level 1 in Armour
  1477 | D:2      | Reached skill level 1 in Shields
  1477 | D:2      | Reached skill level 1 in Unarmed Combat
  1477 | D:2      | Reached skill level 1 in Evocations
  1756 | D:2      | Reached XP level 4. HP: 21/32 MP: 11/11
  1929 | D:2      | Found a snail-covered altar of Cheibriados.
  2244 | D:3      | Reached skill level 1 in Conjurations
  2244 | D:3      | Reached skill level 1 in Hexes
  2244 | D:3      | Reached skill level 1 in Summonings
  2244 | D:3      | Reached skill level 1 in Necromancy
  2244 | D:3      | Reached skill level 1 in Translocations
  2244 | D:3      | Reached skill level 1 in Fire Magic
  2244 | D:3      | Reached skill level 1 in Ice Magic
  2244 | D:3      | Reached skill level 1 in Air Magic
  2244 | D:3      | Reached skill level 1 in Poison Magic
  2414 | D:3      | Found an ancient bone altar of Kikubaaqudgha.
  2485 | D:3      | Noticed Robin
  2495 | D:3      | Killed Robin
  2495 | D:3      | Reached XP level 5. HP: 17/37 MP: 8/12
  2872 | D:3      | Noticed Jessica
  2891 | D:3      | Killed Jessica
  3411 | D:4      | Learned a level 4 spell: Petrify
  3446 | D:4      | Found a white marble altar of Elyvilon.
  3727 | D:4      | Reached XP level 6. HP: 28/44 MP: 13/13
  4057 | D:4      | Got a masterwork hand axe
  4057 | D:4      | Identified the +3 hand axe of Spring {freeze, rElec rF+++
                  | rC- SInv} (You found it on level 4 of the Dungeon)
  4131 | D:4      | Reached skill level 5 in Dodging
  4343 | D:4      | Reached skill level 2 in Axes
  4899 | D:4      | Learned a level 5 spell: Lee's Rapid Deconstruction
  4927 | D:5      | Entered Level 5 of the Dungeon
  5062 | D:5      | Noticed a sky beast
  5065 | D:5      | Killed a sky beast
  5065 | D:5      | Reached XP level 7. HP: 50/50 MP: 5/15
  5692 | D:5      | Reached skill level 5 in Stealth
  5823 | D:5      | Found a sparkling altar of Nemelex Xobeh.
  6245 | D:5      | Found an iron altar of Okawaru.
  6528 | D:5      | Found a runed translucent door.
  6528 | D:5      | Noticed Ijyb
  6529 | D:5      | Noticed Crazy Yiuf
  6599 | D:5      | Killed Ijyb
  6599 | D:5      | Reached XP level 8. HP: 57/57 MP: 13/16
  6602 | D:5      | Killed Crazy Yiuf
  6832 | D:6      | Noticed Eustachio
  6835 | D:6      | Killed Eustachio
  6835 | D:6      | Reached skill level 3 in Axes
  6942 | D:6      | Found Voffeuff's Book Shop.
  7051 | D:6      | Found a glowing drain.
  7051 | D:6      | Found a shimmering altar of Xom.
  7052 | D:6      | Noticed Pikel
  7058 | Sewer    | Entered a sewer
  7197 | Sewer    | Learned a level 2 spell: Blink
  7442 | Sewer    | Found a burning altar of Makhleb.
  7449 | Sewer    | Noticed Grinder
  7466 | Sewer    | Paralysed by Grinder for 5 turns
  7495 | Sewer    | Killed Grinder
  7798 | Sewer    | Reached XP level 9. HP: 56/65 MP: 18/18
  7973 | D:6      | Killed Pikel
  7973 | D:6      | Reached skill level 4 in Axes
  8194 | D:6      | Found a shadowy altar of Dithmenos.
  8198 | D:6      | Noticed Sigmund
  8512 | D:6      | Killed Sigmund
  8803 | D:6      | Noticed a troll
  8809 | D:6      | Killed a troll
  8809 | D:6      | Reached skill level 5 in Invocations
  9471 | D:7      | Got a shimmering silver ring
  9499 | D:7      | Identified the ring "Ycvujyw" {rElec rN+ MR+ Slay-4 Stlth+}
                  | (You found it on level 7 of the Dungeon)
  9532 | D:7      | Found a flagged portal.
  9575 | Bailey   | Entered a bailey
  9575 | Bailey   | Noticed an orc knight
  9575 | Bailey   | Noticed an orc knight
  9802 | D:7      | Found a broken altar of Ashenzari.
 10130 | D:7      | Reached XP level 10. HP: 61/73 MP: 2/20
 10136 | D:7      | Reached skill level 5 in Axes
 10410 | D:7      | Reached skill level 5 in Fighting
 10410 | D:7      | Reached skill level 5 in Short Blades
 10410 | D:7      | Reached skill level 5 in Long Blades
 10410 | D:7      | Reached skill level 5 in Maces & Flails
 10410 | D:7      | Reached skill level 5 in Polearms
 10410 | D:7      | Reached skill level 5 in Staves
 10410 | D:7      | Reached skill level 5 in Slings
 10410 | D:7      | Reached skill level 5 in Bows
 10410 | D:7      | Reached skill level 5 in Crossbows
 10410 | D:7      | Reached skill level 5 in Throwing
 10410 | D:7      | Reached skill level 5 in Armour
 10410 | D:7      | Reached skill level 5 in Shields
 10410 | D:7      | Reached skill level 5 in Unarmed Combat
 10410 | D:7      | Reached skill level 5 in Evocations
 10512 | D:7      | Noticed a moth of wrath
 10515 | D:7      | Found a bloodstained altar of Trog.
 10772 | D:7      | Found Puraopoar's Jewellery Boutique.
 10997 | D:7      | Found a staircase to the Ecumenical Temple.
 11101 | Temple   | Entered the Ecumenical Temple
 11309 | Temple   | Became a worshipper of Sif Muna the Loreminder
 12661 | D:8      | Reached * piety under Sif Muna
 13244 | D:8      | Reached skill level 6 in Axes
 13368 | D:9      | Reached skill level 5 in Transmutations
 13484 | D:9      | Noticed Maggie
 13687 | D:9      | Noticed a two-headed ogre
 14023 | D:9      | Killed Maggie
 15227 | D:9      | Found a radiant altar of Vehumet.
 15246 | D:9      | Killed a two-headed ogre
 15246 | D:9      | Reached XP level 11. HP: 81/81 MP: 1/22
 15328 | D:9      | Reached skill level 7 in Axes
 15836 | D:10     | Entered Level 10 of the Dungeon
 15847 | D:10     | Noticed an unseen horror
 15850 | D:10     | Killed an unseen horror
 15850 | D:10     | Reached skill level 5 in Conjurations
 15850 | D:10     | Reached skill level 5 in Hexes
 15850 | D:10     | Reached skill level 5 in Summonings
 15850 | D:10     | Reached skill level 5 in Necromancy
 15850 | D:10     | Reached skill level 5 in Translocations
 15850 | D:10     | Reached skill level 5 in Fire Magic
 15850 | D:10     | Reached skill level 5 in Ice Magic
 15850 | D:10     | Reached skill level 5 in Air Magic
 15850 | D:10     | Reached skill level 5 in Poison Magic
 16469 | D:10     | Found an ancient bone altar of Kikubaaqudgha.
 17334 | D:11     | Noticed a manticore
 17339 | D:11     | Killed a manticore
 17603 | D:11     | Noticed an eight-headed hydra
 17632 | D:11     | Killed an eight-headed hydra
 17946 | D:11     | Noticed a red ugly thing
 18199 | D:11     | Killed a red ugly thing
 18199 | D:11     | Reached skill level 8 in Axes
 18266 | D:11     | Reached ** piety under Sif Muna
 18631 | D:11     | Found a roughly hewn altar of Beogh.
 18642 | D:11     | Found a staircase to the Orcish Mines.
 18753 | D:11     | Noticed an orc knight
 18761 | D:11     | Killed an orc knight
 19234 | D:11     | Found a staircase to the Lair.
 20017 | D:12     | Reached XP level 12. HP: 89/89 MP: 13/24
 20677 | D:12     | Found a runed translucent door.
 20677 | D:12     | Noticed Tinen's ghost (journeyman TrMo)
 20709 | D:12     | Got a transparent mace
 20912 | D:12     | Reached skill level 9 in Axes
 21631 | Lair:1   | Entered Level 1 of the Lair of Beasts
 21705 | Lair:1   | Noticed a four-headed hydra
 21716 | Lair:1   | Killed a four-headed hydra
 22497 | Lair:2   | Noticed a six-headed hydra
 23152 | Orc:1    | Entered Level 1 of the Orcish Mines
 23360 | Orc:1    | Found a dark tunnel.
 23413 | Volcano  | Entered a volcano
 23823 | Volcano  | Reached skill level 10 in Axes
 23823 | Volcano  | Reached XP level 13. HP: 65/98 MP: 1/26
 23829 | Volcano  | Found a radiant altar of Vehumet.
 23845 | Volcano  | Identified the cursed +1 mace "Diefo" {distort, rF+ MR+}
                  | (You found it on level 12 of the Dungeon)
 24619 | Orc:2    | Entered Level 2 of the Orcish Mines
 24662 | Orc:2    | Found a staircase to the Elven Halls.
 24666 | Orc:2    | Noticed an ettin
 24678 | Orc:2    | Killed an ettin
 26192 | Lair:2   | Reached *** piety under Sif Muna
 26435 | Lair:2   | Found a staircase to the Swamp.
 27813 | Lair:3   | Reached skill level 11 in Axes
 28218 | Lair:3   | Reached skill level 10 in Spellcasting
 28635 | Lair:3   | Found a hole to the Spider Nest.
 29027 | Lair:4   | Noticed Kirke
 29330 | Lair:4   | Noticed a sphinx
 29339 | Lair:4   | Killed Kirke
 29339 | Lair:4   | Reached XP level 14. HP: 81/106 MP: 0/28
 29584 | Lair:4   | You fall into a shaft and drop 1 floor!
 29725 | Lair:5   | Reached skill level 10 in Dodging
 30600 | Lair:4   | Reached skill level 10 in Stealth
 31541 | Lair:5   | Reached **** piety under Sif Muna
 31551 | Lair:5   | Reached skill level 10 in Invocations
 33014 | D:6      | Bought a book of Power for 585 gold pieces
 33020 | D:6      | Learned a level 5 spell: Bolt of Magma
 33026 | D:6      | Learned a level 5 spell: Fireball
 33033 | D:6      | Learned a level 6 spell: Iron Shot
 33263 | Lair:6   | Entered Level 6 of the Lair of Beasts
 33398 | Lair:6   | Reached skill level 12 in Axes
 34094 | Lair:5   | Found a viscous altar of Jiyva.
 34094 | Lair:5   | Found a staircase to the Slime Pits.
 36122 | Lair:6   | Got a flickering iron amulet
 36213 | Lair:6   | Reached XP level 15. HP: 115/115 MP: 17/29
 36521 | Swamp:1  | Entered Level 1 of the Swamp
 36727 | D:7      | Bought the ring of the Barracuda {rElec rPois rF+ MR+ AC+4}
                  | for 734 gold pieces
 36731 | D:7      | Identified the amulet of Charity {rC+++ MR- Regen+ Str-4
                  | SInv} (You found it on level 6 of the Lair of Beasts)
 38098 | Swamp:1  | Reached skill level 10 in Earth Magic
 38828 | Swamp:1  | Found a blossoming altar of Fedhas.
 39134 | Swamp:2  | Reached skill level 10 in Fighting
 39134 | Swamp:2  | Reached skill level 10 in Short Blades
 39134 | Swamp:2  | Reached skill level 10 in Long Blades
 39134 | Swamp:2  | Reached skill level 10 in Maces & Flails
 39134 | Swamp:2  | Reached skill level 10 in Polearms
 39134 | Swamp:2  | Reached skill level 10 in Staves
 39134 | Swamp:2  | Reached skill level 10 in Slings
 39134 | Swamp:2  | Reached skill level 10 in Bows
 39134 | Swamp:2  | Reached skill level 10 in Crossbows
 39134 | Swamp:2  | Reached skill level 10 in Throwing
 39134 | Swamp:2  | Reached skill level 10 in Armour
 39134 | Swamp:2  | Reached skill level 10 in Shields
 39134 | Swamp:2  | Reached skill level 10 in Unarmed Combat
 39134 | Swamp:2  | Reached skill level 10 in Evocations
 39190 | Swamp:2  | Noticed a thorn hunter
 39214 | Swamp:2  | Reached skill level 13 in Axes
 39224 | Swamp:2  | Noticed a thorn hunter
 39263 | Swamp:2  | Killed a thorn hunter
 39989 | Swamp:2  | Upgraded the game from 0.26-a0-708-g17f3b190f9 to
                  | 0.26-a0-710-g95a0c6c400
 40373 | Swamp:2  | Killed a thorn hunter
 41313 | Swamp:3  | Noticed Louise
 41315 | Swamp:3  | Cast into level 3 of the Abyss (Louise)
 41315 | Abyss:3  | Found a corrupted altar of Lugonu.
 41381 | Abyss:3  | Noticed an angel
 41386 | Abyss:3  | Noticed a tentacled starspawn
 41389 | Abyss:3  | Noticed a tentacled starspawn
 41390 | Abyss:3  | Killed a tentacled starspawn
 41394 | Abyss:3  | Mangled by a +0 long sword of holy wrath

Illustrated notes

Levels and vault maps discovered:
D:1:      psy_arrival_conway, layout_loops_ring
D:2:      cheibrodos_helix_gallery, layout_loops_cross,
          gammafunk_temple_overflow_claw, kennysheep_slug_shrine
D:3:      layout_basic, lemuel_doored_altar, uniq_jessica, uniq_robin
D:4:      layout_basic, elyvilon_altar_3, grunt_ministairs_6
D:5:      layout_basic, nemelex_xobeh_ov_fountains_minmay, lemuel_crystal_altar,
          serial_bayou, serial_bayou_ford_a, serial_bayou_crossing,
          serial_bayou_lagoon_b, serial_bayou_shore_b, uniq_crazy_yiuf_cottage,
          uniq_ijyb
D:6:      layout_loops_ring, xom_teletrap_fun, nicolae_dithmenos_the_darkroom,
          serial_shops, shop_fountains, gup_sewer_entry_glass,
          minmay_manual_mandibuliform, uniq_eustachio, uniq_sigmund, uniq_pikel
D:7:      layout_loops_ring, tgw_trog, kennysheep_mini_moat,
          minmay_temple_entry_enclosed_plants, serial_shops,
          nicolae_shop_temple_entry_statues_fountains, enter_bailey_2
D:8:      layout_loops_corners
D:9:      statuecave_lemuel, layout_irregular_city, fiery_altar_vehumet,
          serial_bayou, serial_bayou_lake_a, serial_bayou_lagoon_a,
          serial_bayou_pond_a, serial_bayou_pond_d, uniq_maggie
D:10:     layout_basic, tgw_kikubaaqudgha
D:11:     layout_stronghold, lair_entry_dummy, david_orc_5
D:12:     layout_basic, ebering_ghost_reflecting_pool, grunt_ministairs_13
Temple:   compressed_dpeg_triangle_lava_temple
Lair:1:   layout_gridlike, guppyfry_lair_drakes, infiniplex_staircase_pool,
          minmay_lair_oklob_chamber
Lair:2:   layout_hall_layers, swamp_mist, cheibrodos_lair_caveside_slide,
          minivault_27, grunt_forest_stairs_clearing,
          infiniplex_staircase_pool_2
Lair:3:   layout_chaotic_city, spider_nest_entry_funnel_web,
          eino_small_chamber_without_monster
Lair:4:   pond_and_an_island_with_a_cottage, layout_misc_corridors, st_stairs_4,
          small_statue_intersection, patterned_corridor, uniq_kirke
Lair:5:   layout_roguey, slime_altar_1, beast_lair_carwin_6
Lair:6:   gammafunk_lair_ancient_temple, layout_regular_city
Swamp:1:  layout_falls_marsh, basic_altar, swamp_pool2
Swamp:2:  layout_basic_swamp, evilmike_swamp_ruin_house_3, swamp_pool1
Swamp:3:  layout_basic_swamp, evilmike_swamp_ruin_rubble_1, uniq_louise
Orc:1:    minmay_goldmine, layout_caves, nicolae_volcano_entry_vermiform,
          biasface_ghost_orc_armoury, guppyfry_orc_lava_fort
Orc:2:    st_orc_rangers, layout_caves, basic_altar, ebering_ghost_gozag,
          minmay_orc_temple_b
Abyss:3:  base: D:1, evilmike_abyss_rune_tso_outpost

Skill      XL: |  1  2  3  4  5  6  7  8  9 10 11 12 13 14 15 |
---------------+----------------------------------------------+-----
Transmutations | 2 3 4 5 6 7 8 9 |  9.1
Spellcasting   | 5 6 7 8 9 10 11 | 11.4
Invocations    | 1 2 3 4 5 6 7 8 9 10 11 | 11.3
Fighting       | 1 2 3 4 5 6 7 8 9 10 | 10.4
Short Blades   | 1 2 3 4 5 6 7 8 9 10 | 10.4
Long Blades    | 1 2 3 4 5 6 7 8 9 10 | 10.4
Axes           | 1 2 3 4 6 8 10 11 12 13 | 13.5
Maces & Flails | 1 2 3 4 5 6 7 8 9 10 | 10.4
Polearms       | 1 2 3 4 5 6 7 8 9 10 | 10.4
Staves         | 1 2 3 4 5 6 7 8 9 10 | 10.4
Slings         | 1 2 3 4 5 6 7 8 9 10 | 10.4
Bows           | 1 2 3 4 5 6 7 8 9 10 | 10.4
Crossbows      | 1 2 3 4 5 6 7 8 9 10 | 10.4
Throwing       | 1 2 3 4 5 6 7 8 9 10 | 10.4
Armour         | 1 2 3 4 5 6 7 8 9 10 | 10.4
Shields        | 1 2 3 4 5 6 7 8 9 10 | 10.4
Unarmed Combat | 1 2 3 4 5 6 7 8 9 10 | 10.4
Evocations     | 1 2 3 4 5 6 7 8 9 10 | 10.4
Conjurations   | 1 2 3 4 5 6 7 8 |  8.8
Hexes          | 1 2 3 4 5 6 7 8 |  8.8
Summonings     | 1 2 3 4 5 6 7 8 |  8.8
Necromancy     | 1 2 3 4 5 6 7 8 |  8.8
Translocations | 1 2 3 4 5 6 7 8 |  8.8
Fire Magic     | 1 2 3 4 5 6 7 8 |  8.8
Ice Magic      | 1 2 3 4 5 6 7 8 |  8.8
Air Magic      | 1 2 3 4 5 6 7 8 |  8.8
Poison Magic   | 1 2 3 4 5 6 7 8 |  8.8
Dodging        | 5 6 7 8 9 10 11 | 11.3
Stealth        | 5 6 7 8 9 10 11 | 11.2
Earth Magic    | 6 7 8 9 10 | 10.3

Action                   |  1- 3 |  4- 6 |  7- 9 | 10-12 | 13-15 || total
-------------------------+-------+-------+-------+-------+-------++-------
Melee: Spear             |     3 |       |       |       |       ||     3
       Dagger            |    69 |   166 |       |       |       ||   235
       Bite              |     5 |    14 |    19 |    24 |    50 ||   112
       Punch             |     1 |     2 |     2 |     8 |     1 ||    14
       Hand axe          |       |     5 |   215 |   195 |   203 ||   618
       Demon whip        |       |       |       |       |   223 ||   223
Throw: Stone             |       |       |       |    17 |       ||    17
 Cast: Sandblast         |     5 |    13 |    42 |    78 |    65 ||   203
       Stone Arrow       |       |     9 |    59 |    83 |    94 ||   245
       Lee's Rapid Decon |       |       |    18 |   233 |   190 ||   441
       Petrify           |       |       |     2 |    63 |    92 ||   157
       Bolt of Magma     |       |       |       |       |    89 ||    89
       Fireball          |       |       |       |       |    98 ||    98
       Iron Shot         |       |       |       |       |    60 ||    60
       Blink             |       |       |       |       |     2 ||     2
       Passwall          |       |       |       |       |     1 ||     1
Invok: Channel Magic     |       |       |       |    29 |    44 ||    73
Evoke: Wand              |       |       |     1 |       |     9 ||    10
       Box of beasts     |       |       |       |       |     2 ||     2
  Use: Scroll            |       |       |    15 |     7 |    19 ||    41
       Potion            |       |       |     1 |     2 |     7 ||    10
 Stab: Sleeping          |     7 |    10 |     3 |     3 |     2 ||    25
       Distracted        |       |     1 |       |       |       ||     1
       Petrified         |       |       |     3 |    26 |    76 ||   105
       Petrifying        |       |       |       |     1 |     8 ||     9
Armor: Robe              |    13 |    16 |    56 |    35 |   159 ||   279
       Skin              |       |       |       |     3 |       ||     3
Dodge: Dodged            |    53 |   102 |   343 |   372 |   592 ||  1462
Block: Buckler           |       |       |       |       |   228 ||   228

Table legend: (Time is in decaauts)
 A = Elapsed time spent in this place.
 B = Non-inter-level travel time spent in this place.
 C = Inter-level travel time spent in this place.
 D = Time resting spent in this place.
 E = Time spent auto-exploring this place.
 F = Levels seen in this place.
 G = Mean time per level.
                   A        B        C        D        E       F      G
               +--------+--------+--------+--------+--------+-----+--------+
         Total |  41618 |  39091 |   2527 |  14405 |  19316 |  28 | 1486.4 |
       Dungeon |  21814 |  20019 |   1795 |   5907 |  11622 |  12 | 1817.8 |
        Temple |    219 |    201 |     18 |      0 |    200 |   1 |  219.0 |
          Lair |  12909 |  12275 |    634 |   5714 |   4838 |   6 | 2151.5 |
         Swamp |   4131 |   4081 |     50 |   2137 |   1481 |   3 | 1377.0 |
  Orcish Mines |    888 |    861 |     27 |     59 |    545 |   2 |  444.0 |
         Abyss |     79 |     79 |      0 |     57 |      0 |   1 |   79.0 |
         Sewer |    918 |    918 |      0 |    364 |    338 |   1 |  918.0 |
        Bailey |      6 |      6 |      0 |      0 |      0 |   1 |    6.0 |
       Volcano |    649 |    649 |      0 |    166 |    290 |   1 |  649.0 |
               +--------+--------+--------+--------+--------+-----+--------+

Top non-repeatable levels by time:
    D:11: 3051 daAuts
     D:8: 2935 daAuts
  Lair:5: 2901 daAuts
  Lair:3: 2576 daAuts
  Lair:4: 2019 daAuts
     D:6: 2003 daAuts
     D:5: 1971 daAuts
 Swamp:2: 1957 daAuts
  Lair:2: 1882 daAuts
 Swamp:1: 1851 daAuts
  Lair:1: 1845 daAuts
     D:9: 1759 daAuts
     D:7: 1749 daAuts
    D:10: 1691 daAuts
  Lair:6: 1684 daAuts
